 Dungeon Crawl Stone Soup version bcrawl-1.41.1 (webtiles) character file.

Game seed: 706559847901454066

138514 Grimmash the Sneak (level 5, 17/45 HPs)
             Began as a Naga Archaeologist on Apr 20, 2024.
             Quit the game on level 4 of the Dungeon.
             The game lasted 00:03:05 (2936 turns).

Grimmash the Sneak (Naga Archaeologist)             Turns: 2936, Time: 00:03:06

Health: 17/45      AC:  3    Str: 14    XL:     5   Next: 64%
Magic:  6/6        EV:  9    Int: 15    God:
Gold:   1456       SH:  3    Dex:  9    Spells: 6/6 levels left

rFire    . . .     GDR:     22% a - +1 dagger (elec)
rCold    . . .     SeeInvis +   w - +0 buckler
rNeg     + . .     Gourm    .   c - +1 robe
rPois    +         Faith    .   l - +0 hat {SInv}
rElec    .         Spirit   .   (no cloak)
rCorr    .         Reflect  .   (no gloves)
MR       .....                  (no barding)
Stlth    +++.......             (no amulet)
HPRegen  0.17/turn              q - ring of positive energy
MPRegen  0.10/turn              (no ring)

@: very slow
A: large, tail, swims, see invisible, deformed body, poison resistance, slowness
2, slow metabolism 1, spit poison 1, AC +1
a: Spit Poison


You were on level 4 of the Dungeon.
You were hungry.

You visited 1 branch of the dungeon, and saw 4 of its levels.

You collected 1456 gold pieces.

Inventory:

Hand Weapons
 a - a +1 dagger of electrocution (weapon)
 b - a +0 blowgun
 z - a +1 whip of draining
Missiles
 f - 6 curare-tipped needles
 v - 110 poisoned needles
Armour
 c - a +1 robe (worn)
 d - a +1 hat
 l - a +0 hat of see invisible (worn)
 w - a +0 buckler (worn)
Jewellery
 q - a ring of positive energy (left hand)
Wands
 t - a wand of disintegration (10)
 x - a wand of iceblast (10)
Scrolls
 g - a scroll of revelation
 i - a scroll of identify
 j - 5 scrolls of blinking {unknown}
 k - a scroll of enchant weapon {unknown}
 o - 2 scrolls of remove curse {unknown}
 y - a scroll of immolation {unknown}
Potions
 m - a potion of ambrosia {unknown}
 n - 2 potions of flight {unknown}
 p - a potion of might
 r - 2 potions of curing {unknown}
 s - a potion of magic {unknown}
 u - a potion of lignification {unknown}
Comestibles
 e - 10 rations {!d}


   Skills:
 * Level 2.1 Fighting
 + Level 0.6 Short Blades
 * Level 1.4 Maces & Flails
 * Level 1.1 Armour
 * Level 3.6 Dodging
 + Level 5.6 Stealth
 * Level 0.4 Shields
 * Level 1.3 Spellcasting


You had 6 spell levels left.
You didn't know any spells.
Your spell library was empty.

Dungeon Overview and Level Annotations

Branches:
Dungeon (4/12)
 Temple: D:4-7

Altars:

Annotations:
D:2 1 runed door


Innate Abilities, Weirdness & Mutations

You cannot wear boots.
You can swim through water.
Your serpentine skin is tough. (AC +1)
You have supernaturally acute eyesight. (SInv)
Armour fits poorly on your strangely shaped body.
Your system is resistant to poisons. (rPois)
You cover ground very slowly.
You have a slow metabolism.
You can spit poison.


Message History

You are too injured to fight recklessly!
You are too injured to fight recklessly!
No path to travel!
No path to travel!
You are too injured to fight recklessly!
You are too injured to fight recklessly!
No path to travel!
No path to travel!
You are too injured to fight recklessly!
You are too injured to fight recklessly!
You are too injured to fight recklessly!
No path to travel!
You are too injured to fight recklessly!
You are too injured to fight recklessly!
No path to travel!
You are too injured to fight recklessly!
No path to travel!
You are too injured to fight recklessly!
No path to travel!
Are you sure you want to abandon this character and quit the game? (Confirm with "yes".)

.........S...
............#
............##
.............#
..?..........#
.............#
.......5.....#
......w@.<...#
.!...........#
..)[........##
.....#.....##
############


You could see a worm, a crimson imp and an adder (wandering).

Vanquished Creatures
  Jessica (D:3)
  Terence (D:3)
  6 adders
  An adder zombie (D:3)
  A worm (D:3)
  2 dart slugs (D:1)
  3 leopard geckos
  4 orcs (D:3)
  A ball python (D:3)
  7 bats
  4 giant cockroaches
  5 goblins
  6 hobgoblins
  4 jackals (D:2)
  5 kobolds
  2 quokkas (D:2)
  3 frilled lizards (D:1)
  9 rats
65 creatures vanquished.

Notes
Turn   | Place    | Note
-------+----------+-------------------------------------------
     0 | D:1      | Grimmash the Naga Archaeologist began the quest for the
                  | Orb.
     0 | D:1      | Reached XP level 1. HP: 18/18 MP: 1/1
   309 | D:1      | Reached XP level 2. HP: 17/25 MP: 2/2
   642 | D:1      | Reached skill level 5 in Stealth
   750 | D:1      | Reached XP level 3. HP: 25/31 MP: 3/3
  1490 | D:2      | Reached XP level 4. HP: 36/38 MP: 4/4
  1749 | D:2      | Found a runed door.
  2147 | D:3      | Reached skill level 1 in Spellcasting
  2365 | D:3      | Noticed Terence
  2385 | D:3      | Killed Terence
  2386 | D:3      | Reached XP level 5. HP: 4/45 MP: 6/6
  2386 | D:3      | Identified a scroll of acquirement
  2501 | D:3      | Identified the ring "Ukuv" {rElec rC++ rN+ Str+6 Slay-4}
                  | (You acquired it on level 3 of the Dungeon)
  2613 | D:3      | Reached skill level 1 in Armour
  2744 | D:3      | Noticed Jessica
  2749 | D:3      | Killed Jessica
  2936 | D:4      | Quit the game

Skill      XL: |  1  2  3  4  5 |
---------------+----------------+-----
Stealth        | 5 |  5.6
Dodging        | 3 |  3.6
Spellcasting   | 1 |  1.3
Armour         | 1 |  1.1
Fighting       | 2 |  2.1
Short Blades   | |  0.6
Maces & Flails | |  1.4
Shields        | |  0.4

Action                   |  1- 3 |  4- 6 || total
-------------------------+-------+-------++-------
Melee: Whip              |    59 |       ||    59
       Dagger            |    91 |    87 ||   178
 Fire: Blowgun           |       |     1 ||     1
 Abil: Spit Poison       |     5 |     3 ||     8
  Use: Scroll            |     1 |     2 ||     3
       Potion            |       |     1 ||     1
 Stab: Sleeping          |     7 |     5 ||    12
  Eat: Chunk             |     5 |     6 ||    11
Armor: Robe              |    65 |    30 ||    95
Dodge: Dodged            |    99 |    31 ||   130
Block: Buckler           |       |    12 ||    12
